 Dungeon Crawl Stone Soup version 0.23-a0-26-g9187234747 (webtiles) character file.

611 Htamos the Cudgeler (level 7, 0/56 HPs)
             Began as a Mummy Chaos Knight on Aug 3, 2018.
             Slain by Pikel
             ... wielding a +0 whip of freezing
              (1 damage)
             ... on level 3 of the Dungeon.
             The game lasted 00:13:40 (4947 turns).

Htamos the Cudgeler (Mummy Chaos Knight)            Turns: 4947, Time: 00:13:40

Health: 0/56       AC:  5    Str: 16    XL:     7   Next: 20%
Magic:  7/7        EV:  2    Int: 12    God:    Xom [..*...]
Gold:   155        SH:  0    Dex: -1 (7) Spells: 6/6 levels left

rFire    . . .     SeeInvis .   a - +1 mace (chaos)
rCold    + . .     Gourm    .   (no shield)
rNeg     + + +     Faith    .   d - +0 ring mail
rPois    ∞         Spirit   .   (no helmet)
rElec    .         Reflect  .   (no cloak)
rCorr    .         Harm     .   (no gloves)
MR       .....                  (no boots)
Stlth    ..........             (no amulet)
HPRegen  0.18/turn              o - ring of protection from fire
MPRegen  0.10/turn              q - -5 ring of dexterity (curse)

@: hasted and slowed, lost dexterity
A: no food or potions, fire vulnerability, cold resistance 1, negative energy
resistance 3, torment resistance, unbreathing
a: Renounce Religion


You were on level 3 of the Dungeon.
You worshipped Xom.
You were a toy of Xom.
You were not hungry.

You visited 1 branch of the dungeon, and saw 4 of its levels.

You collected 155 gold pieces.

Inventory:

Hand Weapons
 a - a +1 mace of chaos (weapon)
 e - a +1 whip of draining
 h - a +0 lajatang
 m - a +3 dagger of speed
Missiles
 n - 22 stones (quivered)
Armour
 b - a +3 leather armour
 c - a +0 chain mail
 d - a +0 ring mail (worn)
Jewellery
 o - a ring of protection from fire (left hand)
 q - a cursed -5 ring of dexterity (right hand)
Scrolls
 f - 4 scrolls of identify
 g - 2 scrolls of amnesia


   Skills:
 + Level 5.3 Fighting
 * Level 5.9 Maces & Flails
 - Level 1.5 Armour
 - Level 0.7 Dodging


You had 6 spell levels left.
You didn't know any spells.
Your spell library was empty.

Dungeon Overview and Level Annotations

Branches:
Dungeon (4/15)
 Temple: D:4-7

Altars:
Xom
The Shining One

Annotations:
D:3 Pikel; stburah's ghost, amateur FoFi


Innate Abilities, Weirdness & Mutations

You do not eat or drink.
Your flesh is vulnerable to fire.
You are immune to poison.
Your flesh is cold resistant. (rC+)
You are immune to negative energy. (rN+++)
You are immune to unholy pain and torment.
You can survive without breathing.


Message History

You hit Pikel. You freeze Pikel.
Pikel is heavily wounded.
Pikel hits you with a whip of freezing!
* * * LOW HITPOINT WARNING * * *
Pikel freezes you.
* * * LOW HITPOINT WARNING * * *
You hit Pikel.
Pikel is heavily wounded.
Xom grants you insight.
You feel momentarily disoriented. Pikel hits you with a whip of freezing.
* * * LOW HITPOINT WARNING * * *
You hit Pikel.
Pikel flickers and vanishes!
Deactivating autopickup; reactivate with Ctrl-A.
Something hits you but does no damage.
You closely miss something.
Something hits you but does no damage. x2
You closely miss something. Something hits you!
* * * LOW HITPOINT WARNING * * *
Something freezes you.
You die... "Boring in life, boring in death..."

........#.####..............####.
..##.#.........#.##.###.###.# #.
.....##.###.####.##.# #.# #.# ##
.##..##.# #.# #.##.# #.# #.#
.##..##.# #.# #.##.# #.# #.#
........# #.####)##.###.# #.#
###..#### #.............###.#
#..###########............#
#............{@.#.#########
##.############.#.# #
#...............!# ##
##############>### #.
#.############### #........>÷...#
# ###############


There were no monsters in sight!

Vanquished Creatures
  Grinder (D:3)
  An ogre (D:3)
  A hound (D:3)
  A quasit (D:2)
  An orc priest (D:3)
  An orc wizard (D:3)
  An iguana (D:3)
  Ijyb (D:3)
  3 gnolls (D:3)
  7 adders
  An ooze (D:1)
  2 worms (D:2)
  A dart slug (D:1)
  A leopard gecko (D:1)
  6 orcs (D:3)
  A ball python (D:2)
  3 bats
  A giant cockroach (D:2)
  5 goblins
  5 hobgoblins
  5 jackals
  4 frilled lizards
  7 kobolds
  12 rats
72 creatures vanquished.

Vanquished Creatures (others)
  4 toadstools (D:1)
4 creatures vanquished.

Grand Total: 76 creatures vanquished

Notes
Turn   | Place    | Note
-------+----------+-------------------------------------------
     0 | D:1      | Htamos the Mummy Chaos Knight began the quest for the Orb.
     0 | D:1      | Reached XP level 1. HP: 18/18 MP: 1/1
   108 | D:1      | XOM: divination: magic mapping
   415 | D:1      | Reached XP level 2. HP: 21/24 MP: 2/2
   531 | D:1      | XOM: harmless Ice miscast
   613 | D:1      | XOM: silly message
   787 | D:1      | XOM: god gift: 4 rations
   977 | D:1      | XOM: cloud trail
  1333 | D:1      | XOM is BORED!
  1433 | D:1      | Reached XP level 3. HP: 16/29 MP: 3/3
  1757 | D:2      | Reached XP level 4. HP: 34/37 MP: 4/4
  1800 | D:2      | XOM: god gift: scroll labeled DAIN ARAJONLI {god gift}
  2319 | D:3      | Noticed Ijyb
  2321 | D:3      | Noticed stburah's ghost (amateur FoFi)
  2337 | D:3      | Killed Ijyb
  2472 | D:2      | XOM: cloud trail
  2637 | D:3      | XOM: 6-stop teleportation journey
  2644 | D:3      | XOM: scenery: create altars
  2646 | D:3      | XOM: cast spell 'Death Channel'
  2700 | D:3      | Found a faded altar of an unknown god.
  2747 | D:3      | Found a transporter.
  2760 | D:3      | Found a transporter.
  2957 | D:3      | Found a glowing golden altar of the Shining One.
  3026 | D:3      | Reached XP level 5. HP: 38/42 MP: 5/5
  3026 | D:3      | Noticed Grinder
  3059 | D:3      | XOM: potion effect (haste)
  3061 | D:3      | XOM: silly message
  3062 | D:3      | XOM: harmless Fire miscast
  3066 | D:3      | Paralysed by Grinder for 5 turns
  3082 | D:3      | Paralysed by Grinder for 5 turns
  3089 | D:3      | Killed Grinder
  3089 | D:3      | Reached skill level 5 in Maces & Flails
  3089 | D:3      | Reached XP level 6. HP: 16/50 MP: 6/6
  3381 | D:3      | Reached skill level 5 in Fighting
  3850 | D:3      | XOM: confuse monster(s)
  3915 | D:2      | Reached XP level 7. HP: 21/56 MP: 7/7
  3994 | D:3      | XOM: harmless Summ miscast
  4111 | D:4      | XOM: confuse monster(s)
  4283 | D:3      | XOM: harmless Erth miscast
  4438 | D:3      | XOM: medium Ice miscast
  4630 | D:3      | XOM: silly message
  4739 | D:3      | XOM: harmless Erth miscast
  4794 | D:3      | XOM: mild Conj miscast
  4854 | D:3      | XOM: god gift: lajatang {god gift}
  4867 | D:4      | Noticed Pikel
  4933 | D:3      | Lost dexterity.
  4934 | D:3      | XOM: potion effect (haste)
  4944 | D:3      | XOM: divination: magic mapping
  4947 | D:3      | HP: 1/56 [something (9)]
  4947 | D:3      | Slain by Pikel

Vault maps used:
D:1:      ldierk_walled_garden_2, minmay_rat_gold_closets
D:3:      nicolae_tso_swordbearing_angel, gammafunk_ghost_stat_death,
          chequers_ecumenical_altar_lobes, kennysheep_generic_room_10,
          uniq_ijyb, uniq_grinder
D:4:      uniq_pikel

Skill      XL: |  1  2  3  4  5  6 |
---------------+-------------------+-----
Maces & Flails | 3 4 5 |  5.9
Fighting       | 4 5 |  5.3
Armour         | |  1.5
Dodging        | |  0.7

Action                   |  1- 3 |  4- 6 |  7- 9 || total
-------------------------+-------+-------+-------++-------
Melee: Whip              |   134 |   141 |       ||   275
       Mace              |     2 |     5 |    65 ||    72
Throw: Stone             |       |     3 |       ||     3
Evoke: Wand              |       |    11 |       ||    11
  Use: Scroll            |     1 |     6 |       ||     7
 Stab: Distracted        |       |     1 |       ||     1
Armor: Ring mail         |    54 |   116 |    34 ||   204
Dodge: Dodged            |    72 |   115 |    30 ||   217

Table legend:
 A = Spawn XP
 B = Non-spawn XP
 C = Spawn XP percentage of total XP
 D = Spawn monster count
 E = Non-spawn monster count
 F = Spawn count percentage of total count
 G = Total turns spent on level
                    A         B        C        D         E        F      G
               +---------+---------+-------+---------+---------+-------+---------
         Total |       0 |     873 |   0.0 |       0 |      72 |   0.0 |  4947
               +---------+---------+-------+---------+---------+-------+---------
           D:1 |       0 |      66 |   0.0 |       0 |      23 |   0.0 |  1423
           D:2 |       0 |     106 |   0.0 |       0 |      22 |   0.0 |  1158
           D:3 |       0 |     699 |   0.0 |       0 |      26 |   0.0 |  2296
           D:4 |       0 |       2 |   0.0 |       0 |       1 |   0.0 |    70
               +---------+---------+-------+---------+---------+-------+---------
